 Dungeon Crawl Stone Soup version 0.31-a0-435-g2c6fae2916 (webtiles) character file.

Game seed: 2025809348420826514

70 Flugkiller the Changeling (level 4, -1/25 HPs)
             Began as a Deep Elf Shapeshifter on Aug 1, 2023.
             Killed from afar by Natasha (7 damage)
             ... with a magic dart
             ... on level 2 of the Dungeon.
             The game lasted 00:01:47 (1768 turns).

Flugkiller the Changeling (Deep Elf Shapeshifter)   Turns: 1768, Time: 00:01:48

Health: -1/25      AC:  5    Str: 12    XL:     4   Next: 3%
Magic:  6/6        EV: 11    Int: 13    God:
Gold:   100        SH:  0    Dex: 17    Spells: 3/3 levels left

rFire   . .          .
                       - Unarmed
rCold   . . .        (no shield)
rNeg    . . .        f - +0 ring mail
rPois   .            (helmet currently unavailable)
rElec   .            (cloak currently unavailable)
rCorr   .            (gloves currently unavailable)
SInv    .            (boots currently unavailable)
Will    .....        (no amulet)
Stlth   +            (no ring)
HPRegen 0.24/turn    (no ring)
MPRegen 0.10/turn

%: no passive effects
@: beast-form
A: beast (slay +2)
a: Begin Untransformation


You were on level 2 of the Dungeon.
You were a hulking beast.
You visited 1 branch of the dungeon, and saw 2 of its levels.

You collected 100 gold pieces.

Inventory:

Armour
 f - a +0 ring mail (worn)
   (You found it on level 1 of the Dungeon)
Talismans
 c - a beast talisman (active)
Scrolls
 d - a scroll of vulnerability {unknown}
 g - a scroll of teleportation {unknown}
 i - a scroll of amnesia {unknown}
 k - a scroll of immolation {unknown}
 l - a scroll of fog {unknown}
 m - a scroll of poison {unknown}
 z - a scroll of blinking
Potions
 a - a potion of haste {unknown}
 b - 3 potions of lignification
 e - a potion of brilliance {unknown}
 h - 2 potions of berserk rage {unknown}
 j - a potion of resistance {unknown}
 q - 2 potions of curing


   Skills:
 + Level 1.5 Fighting
 + Level 3.2 Dodging
 - Level 2.7 Unarmed Combat
 * Level 4.0 Shapeshifting


You had 3 spell levels left.
You didn't know any spells.
Your spell library was empty.

Dungeon Overview and Level Annotations

Branches:
Dungeon (2/15) Zot: 10232

Altars:

Shops:
D:1 *

Annotations:
D:2 1 runed translucent door, Crazy Yiuf, Natasha, Terence


Message History

A giant cockroach is nearby!
A giant cockroach is nearby!
The giant cockroach bites you but does no damage.
You hit the giant cockroach.
The giant cockroach is almost dead.
The giant cockroach bites you but does no damage.
You hit the giant cockroach.
You kill the giant cockroach!
No target in view!
No target in view!
No target in view!
No target in view!
No target in view!
A rat comes into view.
A rat is nearby!
You see here 13 gold pieces.
You closely miss the rat. The rat closely misses you.
You hit the rat.
The rat is severely wounded.
The rat bites you but does no damage.
You closely miss the rat.
The rat is severely wounded.
The rat barely misses you.
You hit the rat.
You kill the rat!
No target in view!
No target in view!
No target in view!
You now have 78 gold pieces (gained 13).
Found a stone staircase leading down.
You now have 88 gold pieces (gained 10).
d - a scroll labelled OSKU BEXZELU
Okay, then.
Blink to where?
Press: ? - help, Dir - move target
As you read the scroll labelled UPOS ONAMUWNAG, it crumbles to dust.
It was a scroll of blinking.
z - a scroll of blinking
Found a stone staircase leading down.
m - a scroll labelled ISKIBIU XOMEIC You now have enough gold to buy a scroll of enchant armour on D:1.
You can access your shopping list by pressing '$'.
You now have 100 gold pieces (gained 12).
Found a dagger.
Found an escape hatch in the floor.
Unknown command.
A goblin comes into view. It is wielding a +0 dagger.
The goblin moves out of view.
A hobgoblin comes into view.
The goblin closely misses you.
You hit the goblin.
You kill the goblin!
The hobgoblin closely misses you.
You have reached level 4!
You feel clever.
You hit the hobgoblin.
The hobgoblin is heavily wounded.
The hobgoblin completely misses you.
You hit the hobgoblin.
You kill the hobgoblin!
No target in view!
There is an escape hatch in the floor here.
There is an escape hatch in the floor here.
Found a hammer.
Found a runed translucent door.
Crazy Yiuf shouts!
Crazy Yiuf grits, "Aardvark high sizzlefizz!"
Crazy Yiuf cries, "Mama mumblescurry seventy!"
Natasha, Servant of Life and Death comes into view.
Natasha is nearby!
Natasha stares at you and mumbles some strange words.
The magic dart hits you.
A hobgoblin comes into view.
The hobgoblin shouts!
You punch Natasha!
Natasha is heavily wounded.
Natasha misses you.
You barely miss Natasha.
Natasha is heavily wounded.
Natasha wildly gestures.
Natasha's front paws start to glow.
Natasha closely misses you.
You completely miss Natasha.
Natasha is heavily wounded.
Natasha wildly gestures.
Natasha shimmers violently.
Natasha claws you.
You hit Natasha.
Natasha is almost dead.
Natasha claws you.
You are too injured to fight recklessly!
You are too injured to fight recklessly!
You miss Natasha.
Natasha is almost dead.
Natasha claws you!
* * * LOW HITPOINT WARNING * * *
You miss Natasha.
Natasha is almost dead.
Natasha stares at you and mumbles some strange words.
The magic dart hits you!
You die...

# #.###.# #
##.#.## .#.# #
#.#.#.# ..# #
##.#.## ..# #
#.###.# ..#
##.#.## #.#
#.#.#.# #g# #
##.#.## #######h#
# #.###.#
#.....h.# #
##.#.## ######..#
###.#.#.# #.....#
##......## #.##.##
##.#######.##.##.#
##.# #.......#
...# ####.####
##.# ########.#
##.###........#


You could see Natasha and a hobgoblin.

Vanquished Creatures
  An adder (D:2)
  3 dart slugs (D:1)
  6 ball pythons (D:1)
  7 endoplasms
  2 giant cockroaches
  2 hobgoblins (D:2)
  8 jackals (D:1)
  8 kobolds
  3 quokkas (D:1)
  A bat (D:1)
  A frilled lizard (D:2)
  3 goblins
  2 rats
47 creatures vanquished.

Notes
Turn   | Place    | Note
-------+----------+-------------------------------------------
     0 | D:1      | Flugkiller the Deep Elf Shapeshifter began the quest for
                  | the Orb.
     0 | D:1      | Reached XP level 1. HP: 11/11 MP: 3/3
    34 | D:1      | Reached skill level 1 in Fighting
    94 | D:1      | Reached XP level 2. HP: 13/16 MP: 4/4
   391 | D:1      | Found Naom's General Store.
   405 | D:1      | Reached XP level 3. HP: 19/20 MP: 5/5
  1096 | D:2      | Reached skill level 4 in Shapeshifting
  1343 | D:2      | Noticed Terence
  1584 | D:2      | Reached XP level 4. HP: 25/25 MP: 6/6
  1634 | D:2      | Found a runed translucent door.
  1635 | D:2      | Noticed Crazy Yiuf
  1757 | D:2      | Noticed Natasha
  1768 | D:2      | Killed from afar by Natasha

Illustrated notes

Levels and vault maps discovered:
D:1:      minmay_arrival_up_and_down, layout_basic, serial_shops, shop,
          serial_bayou_ford_a, minmay_crystal_water
D:2:      layout_loops_cross, roderic_roman_lattice, uniq_crazy_yiuf_cottage,
          uniq_terence, uniq_natasha

Skill      XL: |  1  2  3 |
---------------+----------+-----
Fighting       | 1 |  1.5
Dodging        | 3 |  3.2
Shapeshifting  | 4 |  4.0
Unarmed Combat | |  2.7

Action                     |  1- 3 |  4- 6 || total
---------------------------+-------+-------++-------
  Melee: Unarmed           |   133 |     8 ||   141
         Punch             |     5 |       ||     5
    Use: Scroll            |     1 |       ||     1
         Potion            |     1 |       ||     1
 Armour: Animal skin       |    14 |       ||    14
         Ring mail         |    19 |       ||    19
  Dodge: Dodged            |    72 |     3 ||    75

Table legend: (Time is in decaauts)
 A = Elapsed time spent in this place.
 B = Non-inter-level travel time spent in this place.
 C = Inter-level travel time spent in this place.
 D = Time resting spent in this place.
 E = Time spent auto-exploring this place.
 F = Levels seen in this place.
 G = Mean time per level.
                   A        B        C        D        E       F      G
               +--------+--------+--------+--------+--------+-----+--------+
         Total |   1766 |   1684 |     82 |    194 |   1126 |   2 |  883.0 |
       Dungeon |   1766 |   1684 |     82 |    194 |   1126 |   2 |  883.0 |
               +--------+--------+--------+--------+--------+-----+--------+

Top non-repeatable levels by time:
     D:1: 924 daAuts
     D:2: 842 daAuts
